 Seeded DCSS version 0.28-a0-1182-g381e24db82 (webtiles) character file.

Game seed: 12130800008223909736 (custom seed)

36087 croobank the Cleaver (level 13, -4/106 HPs)
             Began as a Gnoll Cinder Acolyte on Dec 16, 2021.
             Was an Elder of Ignis.
             Slain by a three-headed hydra (11 damage)
             ... on level 5 of the Lair of Beasts on Dec 17, 2021.
             The game lasted 01:27:20 (11103 turns).

croobank the Cleaver (Gnoll Cinder Acolyte)        Turns: 11103, Time: 01:27:20

Health: -4/106     AC: 13    Str: 13    XL:     13   Next: 88%
Magic:  26/26      EV: 15    Int: 14    God:    Ignis [****..]
Gold:   1162       SH:  0    Dex: 13    Spells: 22/30 levels left

rFire   + + .      SeeInvis .   D - +2 long sword (flame)
rCold   + . .      Faith    .   (no shield)
rNeg    . . .      Spirit   .   p - +3 troll leather armour {Pargi}
rPois   .          Reflect  .   s - +0 helmet
rElec   +          Harm     .   N - scarf {rC+ rF+}
rCorr   .          Rampage  .   T - +2 pair of gloves
Will    +....                   (no boots)
Stlth   +++++.....              u - amulet "Qynan" {Acrobat rElec Will+ Stlth+}
HPRegen 1.07/turn               (no ring)
MPRegen 0.20/turn               (no ring)

@: no status effects
A: fangs 1, strong nose, distributed training
a: Renounce Religion, Fiery Armour, Foxfire Swarm, Rising Flame


You were on level 5 of the Lair of Beasts.
You worshipped Ignis.
Ignis was greatly pleased with you.
You visited 2 branches of the dungeon, and saw 16 of its levels.

You collected 2667 gold pieces.
You spent 1505 gold pieces at shops.

Inventory:

Hand Weapons
 a - the +8 war axe of Uxzaprie {spect, rPois rN++ Dex-2}
   (You bought it in a shop on level 6 of the Dungeon)

   When its wielder attacks, the weapon's spirit leaps out and strikes again.
   The spirit shares a part of any damage it takes with its wielder.
   Dex:       It affects your dexterity (-2).
   rPois:     It protects you from poison.
   rN:        It greatly protects you from negative energy.
 b - a +0 vorpal hunting sling
 D - a +2 long sword of flaming (weapon)
 G - a +2 dire flail of protection
Missiles
 c - 10 poisoned darts
 e - 2 atropa-tipped darts
 i - a curare-tipped dart (quivered) {silence}
 j - 233 stones
 n - 75 sling bullets
Armour
 k - +0 steam dragon scales
 p - a +3 troll leather armour (worn) {Pargi}
 q - a +0 chain mail
 s - a +0 helmet (worn)
 t - a +2 kite shield of cold resistance
 E - +0 acid dragon scales
 N - a scarf of resistance (worn)
 T - a +2 pair of gloves (worn)
Magical Staves
 y - a staff of conjuration
Jewellery
 d - an amulet of regeneration
 h - a ring of fire
 u - the amulet "Qynan" (around neck) {Acrobat rElec Will+ Stlth+}
   (You acquired it on level 1 of the Dungeon)

   [amulet of the acrobat]

   It increases your evasion while moving and waiting.
   rElec:     It insulates you from electricity.
   Will:      It increases your willpower.
   Stlth:     It makes you more stealthy.
Wands
 v - a wand of mindburst (7)
 x - a wand of acid (3)
 B - a wand of flame (7)
 F - a wand of paralysis (16)
 M - a wand of polymorph (13)
 Q - a wand of iceblast (6)
Scrolls
 f - 10 scrolls of identify {identify}
 l - a scroll of summoning {summoning, unknown}
 m - 4 scrolls of immolation {immolation, unknown}
 r - 2 scrolls of enchant weapon {enchant weapon, unknown}
 w - 3 scrolls of holy word {holy word, unknown}
 z - 2 scrolls of teleportation {teleport}
 A - 2 scrolls of fog {fog, unknown}
 C - a scroll of acquirement
 I - 2 scrolls of silence {silence, unknown}
 U - 4 scrolls of magic mapping {magic mapping}
 X - a scroll of brand weapon {brand weapon, unknown}
Potions
 g - 4 potions of flight {flight, unknown}
 o - 2 potions of might {might, unknown}
 H - a potion of brilliance {brilliance, unknown}
 J - 3 potions of mutation {mutation, unknown}
 K - 2 potions of curing {curing}
 L - a potion of magic {magic, unknown}
 O - 4 potions of cancellation {cancellation, unknown}
 P - 4 potions of heal wounds
 R - 3 potions of lignification {lignification, unknown}
 S - a potion of invisibility {invisibility, unknown}
 W - a potion of berserk rage


   Skills:
 + Level 11.0 Fighting
 + Level 8.8 Short Blades
 + Level 8.8 Long Blades
 + Level 11.0 Axes
 + Level 8.8 Maces & Flails
 + Level 8.8 Polearms
 + Level 8.8 Staves
 + Level 8.8 Slings
 + Level 8.8 Bows
 + Level 8.8 Crossbows
 + Level 8.8 Throwing
 + Level 8.8 Armour
 + Level 8.8 Dodging
 + Level 8.8 Stealth
 + Level 8.8 Shields
 + Level 8.8 Unarmed Combat
 + Level 9.3 Spellcasting
 + Level 7.3 Conjurations
 + Level 7.3 Hexes
 + Level 7.3 Summonings
 + Level 7.3 Necromancy
 + Level 7.3 Translocations
 + Level 7.3 Transmutations
 + Level 9.2 Fire Magic
 + Level 7.3 Ice Magic
 + Level 7.3 Air Magic
 + Level 7.3 Earth Magic
 + Level 7.3 Poison Magic
 + Level 9.6 Invocations
 + Level 8.8 Evocations


You had 22 spell levels left.
You knew the following spells:

 Your Spells              Type           Power      Damage    Failure   Level
a - Scorch                Fire           64%        2d8       1%          2
b - Statue Form           Tmut/Erth      18%        N/A       71%         6

Your spell library contained the following spells:

 Spells                   Type           Power      Damage    Failure   Level
 Animate Skeleton         Necr           54%        N/A       1%          1
 Apportation              Tloc           54%        N/A       1%          1
 Summon Small Mammal      Summ           100%       N/A       1%          1
 Corpse Rot               Necr/Air       54%        N/A       1%          2
 Poisonous Vapours        Pois/Air       54%        N/A       1%          2
 Petrify                  Tmut/Erth      27%        N/A       7%          4
 Fireball                 Conj/Fire      14%        3d8       13%         5
 Alistair's Intoxication  Tmut/Pois      18%        N/A       19%         5
 Iskenderun's Battlesphe  Conj           27%        2d8       19%         5
 Metabolic Englaciation   Hex/Ice        13%        N/A       19%         5
 Conjure Ball Lightning   Conj/Air       13%        3x3d6     71%         6
 Orb of Destruction       Conj           13%        9d6       99%         7


Dungeon Overview and Level Annotations

Branches:
Dungeon (11/15)            Temple (0/1) D:4            Lair (5/6) D:10
  Swamp (0/4) Lair:3        Snake (0/4) Lair:4          Orc (0/2) D:11
  Slime: Lair:5-6

Altars:
Elyvilon
Ru
Sif Muna
Yredelemnul

Shops:
D:6 =*[(   D:7 **(   D:9 *

Annotations:
Lair:1 exclusion: oklob plant


Innate Abilities, Weirdness & Mutations

You have very sharp teeth.
Your uncanny sense of smell can sniff out nearby items.
Your experience applies equally to all skills.


Message History

You feel extremely sick.
The cane toad stings you but does no damage.
The three-headed hydra barely misses you.
The three-headed hydra bites you but does no damage. x2
You slash the cane toad! You burn the cane toad. You punch the cane toad.
The cane toad is moderately wounded.
You feel very sick. The cane toad misses you.
The three-headed hydra bites you. x2
The three-headed hydra misses you.
You slash the cane toad! You burn the cane toad.
The cane toad is severely wounded.
You feel very sick. The cane toad barely misses you.
The three-headed hydra closely misses you.
The three-headed hydra bites you. x2
* * * LOW HITPOINT WARNING * * *
The cane toad completely misses you.
You feel much better.
You feel very sick.
The three-headed hydra bites you but does no damage. x2
The three-headed hydra bites you! The cane toad stings you.
You are more poisoned.
The cane toad poisons you!
You hit the cane toad but do no damage.
The cane toad is severely wounded.
You feel very sick. The three-headed hydra bites you.
The three-headed hydra bites you but does no damage.
The three-headed hydra bites you!
* * * LOW HITPOINT WARNING * * *
The cane toad stings you!
* * * LOW HITPOINT WARNING * * *
Okay, then.
* * * LOW HITPOINT WARNING * * *
You feel very sick.
It was a potion of curing {curing}.
You feel better. The cane toad stings you.
* * * LOW HITPOINT WARNING * * *
The three-headed hydra bites you but does no damage.
The three-headed hydra bites you!
You die...

,,,,*,,,,ยง.#....#...*
#P.......),
*,,,,*,,,.โ‰ˆโ‰ˆ.#....P#*
#P.........
*,,,,,,,,.#.โ‰ˆ..P...#
#.......... ,,,,,,,,,#......P..#
##.......... *,,,*,,,,..........*
*...........
*,,***,,,.........#####P.........
*,,****,,.......)...##...........
,,,*,,,,,.......FD.#*#...........
,,,,,,,,,.......@..# ##..........
,,,,,,,,,..........## #..........
,,,,,,,,,..(........####.........
,,,,,,,,,.................<......
*,,*,,,,,..........P####.........
*****,,,,..........## #.........
**,,,..........# #.........
*,,,..........#***#.........
**,**.#..###.##*,*.#.##.###.


You could see a three-headed hydra and a cane toad.

Vanquished Creatures
  A hydra (Lair:1)
  A two-headed ogre (D:11)
  6 death yaks (Lair:4)
  Nergalle (Lair:2)
  Pikel (D:8)
  3 ugly things (D:11)
  3 black mambas
  6 elephants (Lair:4)
  Joseph (D:10)
  A gargoyle (D:11)
  Maggie (D:7)
  6 cane toads
  8 komodo dragons
  2 rime drakes
  5 trolls
  2 polar bears (Lair:3)
  8 blink frogs
  Sigmund (D:5)
  A shadow (D:11)
  44 yaks
  Eustachio (D:6)
  3 wyverns
  3 basilisks
  2 wraiths (D:11)
  6 steam dragons
  8 vampire mosquitoes
  A two-headed ogre zombie (D:11)
  2 nagas (Lair:4)
  Pargi (D:3)
  5 water moccasins
  An ice beast (D:7)
  2 orc warriors
  3 sky beasts
  6 black bears
  22 wolves
  A necrophage (D:6)
  3 centaurs
  A phantom (D:11)
  6 bullfrogs
  A wyvern zombie (D:8)
  A gnoll sergeant (D:7)
  A troll zombie (D:11)
  3 wights (D:7)
  A centaur zombie (D:10)
  4 hounds
  2 jellies (D:6)
  7 orc priests
  A bullfrog skeleton (D:6)
  3 gnoll shamans
  Jessica (D:3)
  An iguana (D:6)
  8 orc wizards
  6 ogre zombies (D:11)
  A hound zombie (D:5)
  A howler monkey skeleton (D:7)
  25 gnolls
  4 adders
  A white imp (D:6)
  An adder zombie (D:5)
  2 worms
  4 dart slugs
  19 orcs
  3 bats
  3 endoplasms (D:1)
  2 giant cockroaches
  4 goblins
  5 hobgoblins
  3 quokkas
  2 ball pythons (D:2)
  2 frilled lizards
  A goblin zombie (D:11)
  3 hobgoblin zombies (D:11)
  4 kobolds
  An orc skeleton (D:11)
  20 orc zombies (D:11)
  3 rats
333 creatures vanquished.

Vanquished Creatures (others)
  A howler monkey (D:9)
  21 foxfires (D:9)
  49 fungi
  69 plants
140 creatures vanquished.

Grand Total: 473 creatures vanquished

Notes
Turn   | Place    | Note
-------+----------+-------------------------------------------
     0 | D:1      | croobank the Gnoll Cinder Acolyte began the quest for the
                  | Orb.
     0 | D:1      | Reached XP level 1. HP: 23/23 MP: 4/4
   136 | D:1      | Reached XP level 2. HP: 27/29 MP: 5/5
   443 | D:2      | Learned a level 2 spell: Scorch
   473 | D:2      | Reached XP level 3. HP: 35/35 MP: 7/7
  1182 | D:1      | Reached skill level 1 in Invocations
  1455 | D:1      | Identified 3 scrolls of acquirement
  1455 | D:1      | Acquired the amulet "Qynan" {Acrobat rElec Will+ Stlth+}
  1540 | D:3      | Noticed Pargi
  1559 | D:3      | Killed Pargi
  1560 | D:3      | Reached skill level 1 in Short Blades
  1560 | D:3      | Reached skill level 1 in Long Blades
  1560 | D:3      | Reached skill level 1 in Maces & Flails
  1560 | D:3      | Reached skill level 1 in Polearms
  1560 | D:3      | Reached skill level 1 in Staves
  1560 | D:3      | Reached skill level 1 in Slings
  1560 | D:3      | Reached skill level 1 in Bows
  1560 | D:3      | Reached skill level 1 in Crossbows
  1560 | D:3      | Reached skill level 1 in Throwing
  1560 | D:3      | Reached skill level 1 in Armour
  1560 | D:3      | Reached skill level 1 in Dodging
  1560 | D:3      | Reached skill level 1 in Stealth
  1560 | D:3      | Reached skill level 1 in Shields
  1560 | D:3      | Reached skill level 1 in Unarmed Combat
  1560 | D:3      | Reached skill level 1 in Conjurations
  1560 | D:3      | Reached skill level 1 in Hexes
  1560 | D:3      | Reached skill level 1 in Summonings
  1560 | D:3      | Reached skill level 1 in Necromancy
  1560 | D:3      | Reached skill level 1 in Translocations
  1560 | D:3      | Reached skill level 1 in Transmutations
  1560 | D:3      | Reached skill level 1 in Ice Magic
  1560 | D:3      | Reached skill level 1 in Air Magic
  1560 | D:3      | Reached skill level 1 in Earth Magic
  1560 | D:3      | Reached skill level 1 in Poison Magic
  1560 | D:3      | Reached skill level 1 in Evocations
  1560 | D:3      | Reached XP level 4. HP: 25/41 MP: 1/8
  1560 | D:3      | Reached XP level 5. HP: 29/47 MP: 1/9
  1935 | D:3      | Noticed Jessica
  1950 | D:3      | Killed Jessica
  2676 | D:4      | Found a staircase to the Ecumenical Temple.
  2701 | D:4      | Noticed a black bear
  2710 | D:4      | Killed a black bear
  2711 | D:4      | Reached XP level 6. HP: 26/53 MP: 9/11
  2927 | D:4      | Found a white marble altar of Elyvilon.
  3366 | D:5      | Entered Level 5 of the Dungeon
  3458 | D:5      | Noticed Sigmund
  3470 | D:5      | Killed Sigmund
  3471 | D:5      | Reached XP level 7. HP: 56/60 MP: 12/12
  3534 | D:6      | Noticed Eustachio
  3534 | D:6      | Found Wetiomp's General Store.
  3534 | D:6      | You fall into a shaft and drop 3 floors!
  3534 | D:9      | Noticed a steam dragon
  3580 | D:9      | Noticed a yak
  3580 | D:9      | Noticed a yak
  3581 | D:9      | Noticed a yak
  3582 | D:9      | Noticed a yak
  3583 | D:9      | Noticed a yak
  3583 | D:9      | Noticed a yak
  3609 | D:9      | Killed a yak
  3610 | D:9      | Killed a yak
  3690 | D:8      | Noticed a steam dragon
  3698 | D:8      | Killed a steam dragon
  3699 | D:8      | Reached XP level 8. HP: 65/67 MP: 14/14
  3727 | D:7      | Noticed Maggie
  3733 | D:6      | Found Hicsephi's Antique Armour Boutique.
  3768 | D:6      | Found Ygyota's Weapon Shop.
  3776 | D:6      | Acquired 921 gold pieces
  3778 | D:6      | Bought the +8 war axe of Uxzaprie {spect, rPois rN++ Dex-2}
                  | for 993 gold pieces
  3917 | D:6      | Found Leclugu's Jewellery Shop.
  3929 | D:6      | Acquired 837 gold pieces
  4098 | D:6      | Killed Eustachio
  4099 | D:6      | Reached XP level 9. HP: 69/73 MP: 16/16
  4313 | D:7      | Reached skill level 5 in Spellcasting
  4314 | D:7      | Killed Maggie
  4350 | D:7      | Found Mijiuple's Assorted Antiques.
  4372 | D:7      | Reached XP level 10. HP: 83/83 MP: 16/20
  4450 | D:7      | Reached skill level 5 in Conjurations
  4450 | D:7      | Reached skill level 5 in Hexes
  4450 | D:7      | Reached skill level 5 in Summonings
  4450 | D:7      | Reached skill level 5 in Necromancy
  4450 | D:7      | Reached skill level 5 in Translocations
  4450 | D:7      | Reached skill level 5 in Transmutations
  4450 | D:7      | Reached skill level 5 in Ice Magic
  4450 | D:7      | Reached skill level 5 in Air Magic
  4450 | D:7      | Reached skill level 5 in Earth Magic
  4450 | D:7      | Reached skill level 5 in Poison Magic
  4586 | D:7      | Found Hobu's Weapon Emporium.
  4654 | D:7      | Found Sostroc's General Store.
  4963 | D:8      | Noticed Pikel
  4972 | D:8      | Killed Pikel
  4986 | D:8      | Found a sacrificial altar of Ru.
  4990 | D:8      | Reached XP level 11. HP: 81/89 MP: 21/21
  5032 | D:8      | Found a shimmering blue altar of Sif Muna.
  5493 | D:9      | Found Yqudeimu's Neck Hole.
  5505 | D:9      | Bought a scarf of resistance for 512 gold pieces
  5919 | D:10     | Entered Level 10 of the Dungeon
  5986 | D:10     | Found a staircase to the Lair.
  6267 | D:10     | Noticed Joseph
  6278 | D:10     | Killed Joseph
  6700 | D:10     | Found a basalt altar of Yredelemnul.
  6768 | D:11     | Noticed a purple ugly thing
  6774 | D:11     | Killed a purple ugly thing
  6796 | D:11     | Found a staircase to the Orcish Mines.
  6805 | D:11     | Reached XP level 12. HP: 97/97 MP: 23/23
  7073 | D:11     | Noticed a two-headed ogre
  7073 | D:11     | Noticed a two-headed ogre
  7074 | D:11     | Noticed an eight-headed hydra
  7079 | D:11     | Noticed a boulder beetle
  7080 | D:11     | Killed a two-headed ogre
  7081 | D:11     | Noticed a boulder beetle
  7166 | D:11     | Reached skill level 10 in Fighting
  7166 | D:11     | Reached skill level 10 in Axes
  7211 | Lair:1   | Entered Level 1 of the Lair of Beasts
  7580 | Lair:1   | Noticed a five-headed hydra
  7590 | Lair:1   | Killed a one-headed hydra
  8376 | Lair:2   | Reached XP level 13. HP: 104/104 MP: 25/25
  8431 | Lair:2   | Noticed Nergalle
  8443 | Lair:2   | Killed Nergalle
  9862 | Lair:3   | Learned a level 6 spell: Statue Form
  9922 | Lair:3   | Found a staircase to the Swamp.
  9953 | Lair:3   | You fall into a shaft and drop 1 floor!
  9954 | Lair:4   | Acquired a +1 kite shield of cold resistance
 10138 | Lair:4   | Found a staircase to the Snake Pit.
 11103 | Lair:5   | Slain by a three-headed hydra

Illustrated notes

Levels and vault maps discovered:
D:1:      minmay_arrival_checkered_box, layout_basic, minmay_pentomino_q2
D:2:      layout_loops_cross
D:3:      layout_loops_corners, serial_bayou, serial_bayou_pond_c,
          serial_bayou_lagoon_b, serial_bayou_pond_c, serial_bayou_pond_e,
          uniq_pargi, uniq_jessica
D:4:      layout_basic, marbit_many_paths, minmay_temple_entry_enclosed_plants,
          hex_intersection
D:5:      layout_rooms, uniq_sigmund
D:6:      layout_rooms, serial_shops, shop, nicolae_diamond_shop,
          nicolae_shop_advertising_works [nicolae_subvault_shop_adworks], shop,
          chequers_serial_rivers_micro_a, uniq_eustachio
D:7:      layout_cave_pools, serial_gnoll_camp, gnoll_camp_mini_shop,
          gnoll_camp_mini_loothouse, gnoll_camp_mini_sergeant,
          gnoll_camp_mini_shop, serial_shops, kennysheep_little_box, uniq_maggie
D:8:      layout_basic, lemuel_round_altar, mainiacjoe_overflow_catwalk,
          uniq_pikel
D:9:      layout_cave_pools, nicolae_shop_sticking_my_neck_out
D:10:     layout_roguey, general_overflow_altar, due_lair_maze_entry_diamond,
          uniq_joseph
D:11:     minmay_quarter_circles, layout_small_grid, zombieorc2_lemuel,
          bh_hangedman_babel_library
Lair:1:   layout_loops_ring, minmay_lair_oklob_items, lemuel_old_faithful,
          serial_bayou_shore_b
Lair:2:   layout_cave_pods, beast_lair_carwin_3, uniq_nergalle
Lair:3:   layout_cave_pods, minmay_swamp_entry_swarm, st_stairs_8
Lair:4:   layout_concentric_octagons, guppyfry_snake_entry_garden
Lair:5:   layout_gridlike, nicolae_volcano_entry_lava_flow,
          chequers_serial_rivers_marsh

Skill      XL: |  1  2  3  4  5  6  7  8  9 10 11 12 13 |
---------------+----------------------------------------+-----
Invocations    | 1 2 3 4 6 7 8 9 |  9.6
Short Blades   | 1 2 3 6 7 8 |  8.8
Long Blades    | 1 2 3 6 7 8 |  8.8
Maces & Flails | 1 2 3 6 7 8 |  8.8
Polearms       | 1 2 3 6 7 8 |  8.8
Staves         | 1 2 3 6 7 8 |  8.8
Slings         | 1 2 3 6 7 8 |  8.8
Bows           | 1 2 3 6 7 8 |  8.8
Crossbows      | 1 2 3 6 7 8 |  8.8
Throwing       | 1 2 3 6 7 8 |  8.8
Armour         | 1 2 3 6 7 8 |  8.8
Dodging        | 1 2 3 6 7 8 |  8.8
Stealth        | 1 2 3 6 7 8 |  8.8
Shields        | 1 2 3 6 7 8 |  8.8
Unarmed Combat | 1 2 3 6 7 8 |  8.8
Spellcasting   | 3 4 6 7 8 9 |  9.3
Conjurations   | 1 2 3 4 5 6 7 |  7.3
Hexes          | 1 2 3 4 5 6 7 |  7.3
Summonings     | 1 2 3 4 5 6 7 |  7.3
Necromancy     | 1 2 3 4 5 6 7 |  7.3
Translocations | 1 2 3 4 5 6 7 |  7.3
Transmutations | 1 2 3 4 5 6 7 |  7.3
Ice Magic      | 1 2 3 4 5 6 7 |  7.3
Air Magic      | 1 2 3 4 5 6 7 |  7.3
Earth Magic    | 1 2 3 4 5 6 7 |  7.3
Poison Magic   | 1 2 3 4 5 6 7 |  7.3
Evocations     | 1 2 3 6 7 8 |  8.8
Fighting       | 7 9 10 11 | 11.0
Axes           | 7 9 10 11 | 11.0
Fire Magic     | 6 7 8 9 |  9.2

Action                   |  1- 3 |  4- 6 |  7- 9 | 10-12 | 13-15 || total
-------------------------+-------+-------+-------+-------+-------++-------
Melee: Hand axe          |   102 |    79 |    25 |       |       ||   206
       Bite              |     4 |     6 |     6 |    35 |    16 ||    67
       War axe           |       |       |    71 |   362 |   179 ||   612
       Punch             |       |       |     2 |    11 |     4 ||    17
       Long sword        |       |       |       |     7 |     6 ||    13
Throw: Dart              |     5 |     7 |     6 |     1 |       ||    19
 Cast: Scorch            |     3 |       |       |       |       ||     3
Invok: Foxfire Swarm     |       |       |     2 |       |       ||     2
       Fiery Armour      |       |       |     1 |       |       ||     1
Evoke: Wand              |       |       |       |     1 |       ||     1
  Use: Scroll            |     1 |     4 |     4 |     3 |     4 ||    16
       Potion            |     1 |       |     2 |       |     3 ||     6
 Stab: Distracted        |       |     1 |       |     7 |     1 ||     9
       Sleeping          |       |     2 |     3 |    15 |     4 ||    24
       Paralysed         |       |       |       |     2 |       ||     2
Armor: Robe              |    18 |       |       |       |       ||    18
       Leather armour    |     7 |       |       |       |       ||     7
       Troll leather arm |       |    24 |    51 |    79 |    74 ||   228
Dodge: Dodged            |    47 |    36 |   109 |   250 |   133 ||   575

Table legend: (Time is in decaauts)
 A = Elapsed time spent in this place.
 B = Non-inter-level travel time spent in this place.
 C = Inter-level travel time spent in this place.
 D = Time resting spent in this place.
 E = Time spent auto-exploring this place.
 F = Levels seen in this place.
 G = Mean time per level.
                   A        B        C        D        E       F      G
               +--------+--------+--------+--------+--------+-----+--------+
         Total |  11156 |  10813 |    343 |    592 |   6660 |  16 |  697.2 |
       Dungeon |   7260 |   7032 |    228 |    111 |   4570 |  11 |  660.0 |
          Lair |   3895 |   3781 |    114 |    481 |   2090 |   5 |  779.0 |
               +--------+--------+--------+--------+--------+-----+--------+

Top non-repeatable levels by time:
  Lair:2: 1245 daAuts
     D:3: 1116 daAuts
  Lair:3: 1081 daAuts
    D:10: 832 daAuts
     D:1: 820 daAuts
  Lair:4: 797 daAuts
  Lair:1: 744 daAuts
     D:4: 735 daAuts
     D:2: 716 daAuts
     D:8: 650 daAuts
     D:7: 627 daAuts
     D:6: 566 daAuts
     D:9: 564 daAuts
    D:11: 462 daAuts
     D:5: 166 daAuts
